 Dungeon Crawl Stone Soup version 0.22-a0-283-g1871b15 (webtiles) character file.

714465 sankara the Sorcerer (level 27, -20/232 HPs)
             Began as a Pale Draconian Fire Elementalist on Mar 14, 2018.
             Was the Champion of Vehumet.
             Demolished by an Orb Guardian (23 damage)
             ... on level 5 of the Realm of Zot on Mar 19, 2018.
             The game lasted 13:01:09 (87684 turns).

sankara the Sorcerer (DrFE)                        Turns: 87684, Time: 13:01:10

Health: -20/232    AC: 22    Str: 11    XL:     27
Magic:  17/51      EV: 21    Int: 39    God:    Vehumet [******]
Gold:   8949       SH:  8    Dex: 12    Spells: 0/74 levels left

rFire    + + .     SeeInvis +   a - staff of energy {+MP, hungerless spells, !d!a@w1}
rCold    + + .     Gourm    .   Z - +3 buckler {rF+}
rNeg     + . .     Faith    .   (armour unavailable)
rPois    +         Spirit   .   K - +2 hat {SInv}
rElec    +         Reflect  .   f - +2 cloak {MR+}
rCorr    .         Harm     .   k - +2 pair of gloves of Beyond {Int+4}
MR       +++..                  F - +0 pair of boots of the Sun {rElec rF+ rC+ rN+}
Stlth    +++.......             o - amulet of magic regeneration
HPRegen  1.48/turn              v - ring "Umis Raxa" {rC+ Int+3}
MPRegen  0.57/turn              G - ring of Zuten {rElec rPois Int+4 SInv}

@: tornado, flying (expiring), regenerating, studying Translocations, deflect
missiles
A: breathe steam, unfitting armour, mutation resistance 1, cold-blooded, AC +13
}: 3/15 runes: decaying, serpentine, silver
a: Breathe Steam, Renounce Religion


You were on level 5 of the Realm of Zot.
You worshipped Vehumet.
Vehumet was exalted by your worship.
You were not hungry.

You visited 12 branches of the dungeon, and saw 57 of its levels.
You visited the Abyss 2 times.
You visited 1 bazaar.
You also visited: Labyrinth, Trove, Sewer, Volcano and Wizlab.

You collected 10853 gold pieces.
You spent 1904 gold pieces at shops.

Inventory:

Missiles
 L - 8 tomahawks of dispersal {=f}
 P - 5 throwing nets {=f, !d}
 Y - 24 javelins (quivered)
Armour
 f - a +2 cloak of magic resistance (worn)
   (You took it off a draconian annihilator on level 1 of the Realm of Zot)
 k - the +2 pair of gloves of Beyond (worn) {Int+4}
   (You found it on level 3 of the Elven Halls)

   It affects your intelligence (+4).
 F - the +0 pair of boots of the Sun (worn) {rElec rF+ rC+ rN+}
   (You found it on level 12 of the Dungeon)

   It protects you from fire.
   It protects you from cold.
   It insulates you from electricity.
   It protects you from negative energy.
 K - a +2 hat of see invisible (worn)
   (You found it on level 7 of the Dungeon)
 Z - a +3 buckler of fire resistance (worn)
   (You bought it in a shop on level 2 of the Elven Halls)
Magical Staves
 a - an uncursed staff of energy (weapon) {+MP, hungerless spells, !d!a@w1}
   (You found it on level 8 of the Dungeon)
 b - an uncursed staff of fire {rF+}
   (You found it on level 3 of the Realm of Zot)
 E - an uncursed staff of conjuration {!a}
   (You found it on level 3 of the Crypt)
Jewellery
 g - an uncursed ring of positive energy {rN+}
   (You took it off a deep elf mage on level 2 of the Elven Halls)
 o - an amulet of magic regeneration (around neck)
   (You found it on level 4 of the Snake Pit)
 q - the ring of the Invisible Wonders {rCorr rElec rF+ Dex+3}
   (You found it on level 4 of the Swamp)

   [ring of resist corrosion]

   It affects your dexterity (+3).
   It protects you from fire.
   It insulates you from electricity.
 t - the ring "Selatoe" {rElec rF++ EV+3 Dex+2}
   (You found it on level 2 of the Swamp)

   [ring of evasion]

   It affects your evasion (+3).
   It affects your dexterity (+2).
   It greatly protects you from fire.
   It insulates you from electricity.
 v - the ring "Umis Raxa" (left hand) {rC+ Int+3}
   (You found it in a treasure trove)

   [ring of protection from cold]

   It affects your intelligence (+3).
   It protects you from cold.
 G - the ring of Zuten (right hand) {rElec rPois Int+4 SInv}
   (You acquired it on level 2 of the Snake Pit)

   [ring of see invisible]

   It affects your intelligence (+4).
   It insulates you from electricity.
   It protects you from poison.
   It lets you see invisible.
 J - an uncursed ring of protection from magic {MR+, !d}
   (You took it off a purple draconian on level 3 of the Realm of Zot)
 T - an uncursed ring of flight {+Fly, !d}
   (You found it on level 5 of the Lair of Beasts)
Wands
 c - a wand of clouds (5)
   (You found it on level 2 of the Swamp)
 y - a wand of paralysis (84)
   (You found it on level 4 of the Dungeon)
 I - a wand of enslavement (45)
   (You found it on level 7 of the Dungeon)
 O - a wand of digging (15)
   (You found it on level 6 of the Lair of Beasts)
 Q - a wand of acid (39)
   (You found it on level 2 of the Snake Pit)
 S - a wand of scattershot (18)
   (You found it on level 10 of the Dungeon)
 U - a wand of disintegration (9)
   (You found it on level 10 of the Dungeon)
Scrolls
 e - 14 scrolls of amnesia
 i - 27 scrolls of identify
 n - 6 scrolls of blinking {!r}
 w - 15 scrolls of magic mapping {!r}
 x - 22 scrolls of teleportation
 z - 3 scrolls of enchant armour
 C - 3 scrolls of summoning
 H - 9 scrolls of fear
 X - 21 scrolls of remove curse
Potions
 d - 5 potions of resistance
 h - 30 potions of curing
 l - 9 potions of brilliance
 p - 12 potions of haste
 r - 4 potions of cancellation
 u - 6 potions of invisibility
 A - 3 potions of magic
 B - 3 potions of heal wounds
 N - 7 potions of agility
Books
 m - a manual of Translocations {!d}
   (You found it on level 4 of the Depths)
Miscellaneous
 j - 4 phantom mirrors
 D - 4 boxes of beasts
 R - a lightning rod (4/4)
   (You found it on level 2 of the Orcish Mines)
 V - a phial of floods
   (You found it on level 2 of the Crypt)
 W - a fan of gales
   (You found it on level 5 of the Vaults)
Comestibles
 M - 84 rations


   Skills:
 + Level 16.2 Fighting
 + Level 15.8 Dodging
 - Level 7.0 Stealth
 - Level 4.0 Shields
 - Level 24.0 Spellcasting
 - Level 20.0 Conjurations
 - Level 5.0 Charms
 - Level 5.8 Summonings
 - Level 7.0 Necromancy
 - Level 7.0 Translocations
 - Level 22.5 Fire Magic
 * Level 7.3 Ice Magic
 - Level 21.0 Air Magic
 + Level 16.2 Evocations


You couldn't memorise any spells.
You knew the following spells:

 Your Spells              Type           Power        Failure   Level  Hunger
a - Ignition              Fire           ########..   1%          8    None
b - Blink                 Tloc           N/A          1%          2    None
c - Deflect Missiles      Chrm/Air       #######...   1%          6    None
d - Bolt of Draining      Conj/Necr      ########..   1%          5    None
e - Regeneration          Chrm/Necr      #######...   1%          3    None
f - Fire Storm            Conj/Fire      ########..   1%          9    None
g - Glaciate              Conj/Ice       ########..   28%         9    None
h - Passwall              Tmut/Erth      #####.....   1%          2    None
i - Summon Lightning Spi  Summ/Air       ########     1%          4    None
j - Sticky Flame          Conj/Fire      ########     0%          4    None
l - Conjure Ball Lightni  Conj/Air       ########..   0%          6    None
m - Swiftness             Chrm/Air       #######.     0%          2    None
o - Ozocubu's Armour      Chrm/Ice       #######.     1%          3    None
s - Shroud of Golubria    Chrm/Tloc      #######...   1%          2    None
t - Tornado               Air            ########..   1%          9    None


Dungeon Overview and Level Annotations

Branches:
Dungeon (15/15)            Temple (1/1) D:6            Lair (6/6) D:11
  Swamp (4/4) Lair:4        Snake (4/4) Lair:3        Slime (4/5) Lair:5
    Orc (2/2) D:9             Elf (3/3) Orc:2        Vaults (5/5) D:14
  Crypt (3/3) Vaults:2       Tomb (0/3) Crypt:3      Depths (5/5) D:15
    Zot (5/5) Depths:5

Altars:
Ashenzari
Cheibriados
Dithmenos
Elyvilon
Fedhas
Gozag
Hepliaklqana
Kikubaaqudgha
Makhleb
Nemelex Xobeh
Okawaru
Qazlal
Ru
Sif Muna
Trog
Uskayaw
Vehumet
Wu Jian
Xom
Yredelemnul
Zin
The Shining One
Beogh
Jiyva

Shops:
D:10 :   D:12 *%   Orc:2 [}[=   Elf:2 [   Elf:3 }((   Vaults:1 =   Vaults:3 =
Vaults:4 [   Vaults:5 %!?!!!%?   Zot:4 *   Depths:1 =   Depths:2 %*:
Depths:5 =}}

Portals:
Hell: Depths:1 Depths:2 Depths:3 Depths:4 Depths:5
Abyss: Depths:1 Depths:3 Depths:4
Pandemonium: Depths:3
Ziggurat: Depths:4

Annotations:
Elf:1 1 runed door
Depths:5 6 runed doors


Innate Abilities, Weirdness & Mutations

You can breathe blasts of scalding, opaque steam.
Your pale cyan-grey scales are hard. (AC +13)
You cannot fit into any form of body armour.
You are cold-blooded and may be slowed by cold attacks.
You are somewhat resistant to further mutation.


Message History

The Killer Klown is moderately wounded.
The great blast of fire engulfs the Killer Klown.
The Killer Klown is heavily wounded.
The great blast of fire engulfs the Orb Guardian.
The Orb Guardian is severely wounded.
The great blast of fire engulfs you! You partially resist.
You are engulfed in blazing flames.
You resist.
You hear a roar! x2
The Orb Guardian is engulfed in blazing flames.
The Orb Guardian hits you!!
The Killer Klown is engulfed in blazing flames.
The Killer Klown elbows you!
The Killer Klown is engulfed in blazing flames.
The Killer Klown eye-gouges your fire vortex!
The Killer Klown shocks your fire vortex!
Your fire vortex resists.
As you read the scroll of teleportation, it crumbles to dust.
You feel strangely unstable.
You feel the Orb delaying your translocation!
You are engulfed in blazing flames.
You resist.
The Orb Guardian is engulfed in blazing flames.
The Orb Guardian hits you.
The Killer Klown is engulfed in blazing flames.
The Killer Klown trip-wires you but does no damage.
The Killer Klown is engulfed in blazing flames.
The Killer Klown trip-wires your fire vortex!
Your fire vortex dissipates!
Your fire vortex hits the Killer Klown.
Your fire vortex burns the Killer Klown!
Your fire vortex dissipates!
The Orb Guardian is engulfed in blazing flames.
The Orb Guardian hits you!
The Killer Klown is engulfed in blazing flames.
The Killer Klown beckons to you.
The Killer Klown blinks!
The Killer Klown is engulfed in blazing flames.
The Killer Klown blinks!
The Orb Guardian is engulfed in blazing flames.
The Orb Guardian hits you!!
Casting: Fire Storm (slightly dangerous; 1% risk of failure)
Confirm with . or Enter, or press ? or * to list all spells.
Your skin crawls.
The Orb Guardian is engulfed in blazing flames.
You block the Orb Guardian's attack.
The Killer Klown blinks!
The Killer Klown howls with blood-lust!
The Killer Klown blinks!
The Orb Guardian is engulfed in blazing flames.
You kill the Orb Guardian!
Vehumet accepts your kill.
You feel your power returning.
You channel some magical energy.
You feel slightly more hungry.
The Killer Klown blinks!
Nothing appears to happen.
You channel some magical energy.
You feel slightly more hungry.
The Killer Klown blinks!
Casting: Regeneration (safe; 1% risk of failure)
Confirm with . or Enter, or press ? or * to list all spells.
Aiming: Fire Storm (slightly dangerous; 1% risk of failure)
Press: ? - help, Dir - move target cursor A raging storm of fire appears!
The great blast of fire engulfs the Killer Klown.
You kill the Killer Klown!
Vehumet accepts your kill.
You feel your power returning.
Your Ice Magic skill increases to level 7!
The great blast of fire engulfs the Killer Klown.
The Killer Klown is almost dead.
You hear a chilling moan.
You hear a distant "Zot"!
The Killer Klown is engulfed in blazing flames.
The Killer Klown blinks!
You channel some magical energy.
You feel slightly more hungry.
The Killer Klown is engulfed in blazing flames.
You kill the Killer Klown!
Vehumet accepts your kill.
You feel your power returning.
You channel some magical energy.
You feel slightly more hungry.
You channel some magical energy.
You feel slightly more hungry.
Your surroundings suddenly seem different.
The Orb Guardian misses you. 11 Orb Guardians come into view.
Casting: Fire Storm (slightly dangerous; 1% risk of failure)
Confirm with . or Enter, or press ? or * to list all spells.
A great vortex of raging winds appears and lifts you up.
You found a blade trap!
You block the Orb Guardian's attack. The Orb Guardian misses you.
You block the Orb Guardian's attack. The Orb Guardian hits you!!
The Orb Guardian hits you! The Orb Guardian hits you!!
* * * LOW HITPOINT WARNING * * *
You block the Orb Guardian's attack.
The Orb Guardian hits you but does no damage. x2
Okay, then.
You feel much better. You block the Orb Guardian's attack.
The Orb Guardian hits you!!
* * * LOW HITPOINT WARNING * * *
The Orb Guardian hits you!!
* * * LOW HITPOINT WARNING * * *
The Orb Guardian hits you!!
* * * LOW HITPOINT WARNING * * *
The Orb Guardian hits you!!
You die...

....)8..### ***,,,,,,,, ▓▓▓▓▓▓▓▓#
********* ,,,,**** ****,,,,
,,,,,,,*** ***,,,,,,, ,,,,,,,,,**
**,,,,,,,,, ,,,,,,,,,,* ▓▓▓▓▓▓▓▓▓
*,,,,,,,,,,
,,,,,,,,,,*▓▓§§§§§§§▓▓*,,,,,,,,,,
,,,,,,,,,,▓▓§§§XXX§§§▓▓,,,,,,,,,,
,,,,,,,,,,▓.§§§X@X§§§.▓,,,,,,,,,,
,,,,,,,,,...§§§§XXX§X....,,,,,,,,
,,,,,,,,,.▓.§§§XX§§§§.▓..,,,,,,,,
,,,,,,,,,,▓▓§§§§§§§§§▓▓,.,,,,,,,,
,,,,,,,,,,*▓▓§§§§§§§▓▓*,,,,,,,,,,
,,,,,,,,,,* ▓▓▓▓▓▓▓▓▓ *,,,,,,,,,,
,,,,,,,,,** **,,,,,,,,,
,,,,,,,*** ***,,,,,,, ,,,,****
****,,,,


You could see 11 Orb Guardians.

Vanquished Creatures
  Dissolution (Slime:1)
  An orb of fire (Zot:2)
  Mara (Crypt:1)
  4 ancient liches
  A juggernaut (Depths:2)
  The ghost of Azzok the Merry Gargoyle, a legendary GrBe of Trog (Zot:3)
  Vashnia (Snake:4)
  Bai Suzhen (Swamp:4)
  Margery (Depths:1)
  Saint Roka (Depths:2)
  4 Killer Klowns (Zot:5)
  6 caustic shrikes
  9 golden dragons
  Nikola (Depths:4)
  A profane servitor (Crypt:3)
  2 bone dragons
  the Enchantress (Depths:3)
  Jorgrun (Swamp:4)
  Rupert (D:14)
  17 tentacled monstrosities
  2 electric golems (Zot:5)
  10 Orb Guardians (Zot:5)
  2 deep elf blademasters
  A shard shrike skeleton (Crypt:2)
  4 liches
  A deep elf master archer (Elf:3)
  7 quicksilver dragons
  5 titans
  12 acid blobs
  2 ancient champions
  9 death cobs
  9 sphinxes
  Agnes (D:15)
  A tentacled starspawn (Abyss:3)
  5 tengu reavers
  7 draconian monks
  6 thorn hunters
  Kirke (Lair:5)
  10 shadow dragons
  A revenant (Crypt:2)
  9 nagarajas
  18 storm dragons
  Roxanne (D:15)
  8 fire giants
  14 frost giants
  3 ghost moths
  6 draconian scorchers
  5 draconian knights
  5 azure jellies
  12 vault wardens
  A balrug (Depths:5)
  3 iron dragons
  8 deep elf sorcerers
  11 ghouls
  4 deep elf elementalists
  A cacodemon (Abyss:3)
  An orc warlord (Orc:2)
  5 draconian shifters
  9 draconian annihilators
  A caustic shrike zombie (Crypt:2)
  2 curse skulls (Crypt:3)
  3 war gargoyles
  15 ironheart preservers
  6 draconian stormcallers
  4 spriggan defenders
  24 very ugly things
  32 stone giants
  2 entropy weavers
  An ophan (Abyss:3)
  A lorocyproca (Abyss:3)
  7 vampire knights
  10 green draconians
  Nessos (Orc:2)
  12 deep elf annihilators
  7 deep elf demonologists
  10 black draconians
  15 red draconians
  19 purple draconians
  15 white draconians
  A dire elephant (D:15)
  A minotaur (Lab)
  21 yellow draconians
  14 ettins
  3 eidola (Crypt:3)
  11 spark wasps (Depths:2)
  Snorg (Orc:2)
  12 deep elf death magi
  A mummy priest (Crypt:3)
  2 death oozes (Slime:4)
  Josephine (D:12)
  9 fire dragons
  The ghost of galech the Grappler, a journeyman TrMo of Okawaru (Orc:1)
  8 deep elf high priests
  A great orb of eyes (shapeshifter) (Vaults:5)
  7 great orbs of eyes
  A merfolk impaler (Depths:4)
  8 rakshasas
  30 yaktaur captains
  3 jiangshi (Crypt:1)
  19 ogre magi
  30 vault guards
  6 spriggan air magi
  15 naga warriors
  9 anacondas
  22 hydras
  4 ghost crabs
  3 alligators
  11 ice dragons
  3 catoblepae (Lair:6)
  15 centaur warriors
  47 two-headed ogres
  8 deep troll shamans
  24 dancing weapons
  5 death knights
  Erica (D:10)
  A hell hog (Volcano)
  4 orc high priests (Orc:2)
  8 tengu warriors
  A titan zombie (Crypt:3)
  7 death yaks (Lair:6)
  A deep troll earth mage (Vaults:4)
  3 vampire magi
  13 naga sharpshooters
  Sonja (D:12)
  8 shock serpents
  34 deep elf knights
  2 spriggan berserkers
  2 wretched stars (Abyss:3)
  13 hell knights
  A sixfirhy (Abyss:3)
  A fire crab (shapeshifter) (Depths:1)
  5 salamander mystics
  3 shadow wraiths
  An iron giant zombie (Crypt:2)
  2 iron trolls
  10 wizards
  22 skeletal warriors
  A sea snake (shapeshifter) (D:15)
  A shadow demon (Depths:3)
  13 swamp dragons
  3 spectral hydras (Swamp:2)
  15 deep trolls
  3 spriggan druids
  A starcursed mass (Abyss:3)
  7 glowing orange brains
  A death drake (Swamp:2)
  A deep troll (shapeshifter) (Vaults:4)
  11 flayed ghosts
  6 naga ritualists (Snake:4)
  23 phantasmal warriors
  2 shambling mangroves (Swamp:4)
  16 ironbrand convokers
  3 unseen horrors
  18 orc knights
  32 deep elf archers
  An orb spider (shapeshifter) (Vaults:4)
  A wolf spider zombie (Crypt:3)
  11 necromancers
  An orange crystal statue (Depths:1)
  11 harpies
  9 orc sorcerers
  The ghost of tidbits the Chiller, a novice GnIE (D:7)
  30 moths of wrath
  4 shining eyes
  5 mana vipers
  2 wolf spiders (shapeshifter)
  A shining eye (shapeshifter) (D:14)
  8 oklob plants
  2 fire giant zombies (Crypt:3)
  61 ugly things
  11 salamanders
  7 wolf spiders
  3 manticores
  12 cyclopes
  86 deep elf magi
  A salamander (shapeshifter) (Vaults:5)
  22 vault sentinels
  A guardian serpent (shapeshifter) (D:14)
  An eye of devastation (shapeshifter) (Vaults:5)
  2 rust devils (Depths:3)
  28 black mambas
  An eye of devastation (Depths:4)
  2 dire elephant zombies (Crypt:3)
  A water nymph (shapeshifter) (Vaults:5)
  6 guardian serpents
  15 naga magi
  4 orange demons
  3 smoke demons (Abyss:3)
  4 torpor snails
  14 spiny frogs
  3 rime drakes
  Joseph (D:7)
  A black draconian zombie (Crypt:1)
  A shock serpent skeleton (Crypt:2)
  2 gargoyles
  18 freezing wraiths
  2 efreet
  A kobold demonologist (Swamp:2)
  A minotaur zombie (Crypt:2)
  A yellow draconian skeleton (Crypt:1)
  9 komodo dragons
  7 swamp worm zombies (Swamp:2)
  3 ancient zymes (Abyss:3)
  78 yaktaurs
  2 guardian mummies (Crypt:3)
  3 harpy zombies
  2 red devils
  3 tengu conjurers
  3 hellwings
  10 trolls
  7 tyrant leeches
  A hornet (shapeshifter) (Depths:2)
  A harpy skeleton (D:15)
  A queen bee (shapeshifter) (Vaults:4)
  17 hornets
  3 polar bears
  4 alligator zombies
  120 slime creatures
  2 ettin zombies
  A wind drake (shapeshifter) (Vaults:1)
  7 hippogriffs
  3 spectral swamp dragons (Swamp:2)
  18 bog bodies
  3 raiju (Abyss:3)
  6 blink frogs
  A slime creature (shapeshifter) (Depths:5)
  3 shadows
  4 small abominations
  Sigmund (D:4)
  2 centaur simulacra (D:14)
  A spriggan (shapeshifter) (Vaults:3)
  5 air elementals
  14 redbacks
  5 water elementals
  An ettin skeleton (Crypt:1)
  15 flying skulls
  3 tyrant leech zombies (Swamp:2)
  10 spriggans
  A human (shapeshifter) (Vaults:4)
  3 vampires
  A fire bat (Volcano)
  13 wraiths
  50 yaks
  4 wyverns
  5 hogs (Lair:5)
  8 golden eyes
  5 basilisks
  2 fire elementals
  3 chaos spawn (Abyss:3)
  2 neqoxecs
  32 vampire mosquitoes
  3 large abominations
  4 hungry ghosts
  3 human simulacra
  Menkaure (D:4)
  7 two-headed ogre zombies (WizLab)
  23 insubstantial wisps
  7 wargs
  A deep troll zombie (Vaults:5)
  18 swamp worms
  2 swamp worms (shapeshifter)
  A torturous demonspawn zombie (Crypt:1)
  A soldier ant (D:13)
  6 acid dragons
  10 water moccasins
  69 nagas
  4 floating eyes
  A floating eye (shapeshifter) (Depths:1)
  A warg (shapeshifter) (D:14)
  8 porcupines
  A hell hound (Depths:5)
  2 spiny frog zombies
  3 ice beasts
  A hornet zombie (D:11)
  An elf zombie (Vaults:5)
  19 necrophages
  58 orc warriors
  14 swamp drakes
  An eye of draining (shapeshifter) (Vaults:3)
  2 sky beasts
  2 snapping turtle zombies (Crypt:3)
  16 wolves
  4 eyes of draining
  An ettin simulacrum (Vaults:5)
  41 ogres
  2 phantoms
  2 black bears
  3 boggarts (Depths:2)
  42 centaurs
  A dream sheep skeleton (Crypt:2)
  16 crocodiles
  A fire crab zombie (Crypt:2)
  3 big kobolds
  11 bullfrogs
  2 gnoll sergeants (D:7)
  7 earth elementals
  A wyvern zombie (D:11)
  3 wyvern skeletons (Crypt:3)
  A queen bee zombie (Crypt:1)
  8 scorpions
  2 spriggan zombies (Swamp:2)
  10 troll zombies
  The ghost of tidbits the Insei, a weakling GnTm (D:4)
  8 howler monkeys
  15 wights
  A howler monkey (shapeshifter) (Vaults:3)
  2 spriggan skeletons (Lab)
  A yak skeleton (Crypt:1)
  2 centaur zombies
  An electric eel (Lair:2)
  6 crimson imps
  3 bullfrog zombies
  4 quasits
  39 orc priests
  8 hounds
  4 jellies
  3 human zombies (D:13)
  6 centaur skeletons
  A hound (shapeshifter) (Vaults:5)
  Jessica (D:7)
  3 human skeletons (D:13)
  2 iguanas
  34 orc wizards
  A worker ant (shapeshifter) (D:14)
  15 worker ants
  A killer bee zombie (D:6)
  8 ogre zombies (WizLab)
  A demigod zombie (Crypt:1)
  A deep dwarf skeleton (Crypt:1)
  2 ogre skeletons (Lab)
  4 mummies
  A worker ant zombie (D:8)
  Robin (D:4)
  8 gnolls (D:7)
  14 adders
  2 river rats (D:5)
  A swamp drake zombie (Crypt:2)
  3 shadow imps
  An ufetubus (Abyss:3)
  2 oozes
  An adder skeleton (D:10)
  5 worms
  A dart slug (D:2)
  5 leopard geckos
  147 orcs
  10 giant cockroaches
  10 goblins
  10 hobgoblins
  22 jackals
  24 kobolds
  5 quokkas
  4 ball pythons
  8 bats
  13 frilled lizards
  2 jackal skeletons
  A jackal zombie (D:7)
  A leopard gecko zombie (D:7)
  9 rats
  20 briar patches (Swamp:2)
  2 bushes
  4 crawling corpses
  73 fire vortices
  3 fungi
  2 lurking horrors (Abyss:3)
  31 plants
  23 withered plants
3130 creatures vanquished.

Vanquished Creatures (collateral kills)
  2 caustic shrikes
  2 acid blobs
  A deep elf master archer (Elf:3)
  2 death cobs (Zot:4)
  A shadow dragon (Depths:5)
  2 storm dragons
  A tengu reaver (Depths:2)
  A draconian monk (Zot:4)
  3 frost giants
  A draconian shifter (Zot:4)
  A ghoul (Crypt:1)
  A draconian annihilator (Zot:3)
  2 very ugly things (Depths:3)
  3 green draconians
  A vampire knight (Crypt:2)
  A yellow draconian (Zot:1)
  A deep elf death mage (Elf:3)
  An eidolon (Crypt:3)
  An ettin (Depths:2)
  A fire dragon (Depths:3)
  A great orb of eyes (Depths:5)
  An ice dragon (Depths:3)
  An anaconda (Snake:1)
  2 death knights (Crypt:3)
  A hell hog (Abyss:3)
  A dancing weapon (Elf:1)
  A vampire mage (Crypt:2)
  2 skeletal warriors
  7 slime creatures
  2 ghost moth zombies (Crypt:3)
  A naga ritualist (Snake:1)
  A starcursed mass (Abyss:3)
  A deep elf archer (Elf:3)
  6 phantasmal warriors
  2 deep elf magi
  A stone giant zombie (Crypt:3)
  A moth of wrath (Zot:3)
  3 black mambas
  A smoke demon (Abyss:3)
  2 yaktaurs
  2 hydra zombies (Abyss:3)
  A troll (Depths:2)
  A bog body (Swamp:1)
  An air elemental (Elf:3)
  A spriggan (Depths:3)
  2 nagas
  A swamp worm (shapeshifter) (Depths:3)
  3 floating eyes
  A manticore zombie (Crypt:3)
  3 necrophages (Crypt:3)
  A boggart (Depths:2)
  An eye of draining (Abyss:3)
  A wyvern skeleton (Crypt:3)
  An orc (Depths:2)
  A jackal skeleton (Crypt:2)
  A crawling corpse (Elf:3)
89 creatures vanquished.

Vanquished Creatures (others)
  A two-headed ogre (Volcano)
  A hell hog (Volcano)
  A kobold demonologist (Swamp:2)
  298 ball lightnings
  A water elemental (Elf:2)
  A sky beast (D:5)
  5 centaurs
  A wight (D:15)
  A worker ant zombie (D:5)
  A block of ice (Zot:5)
  A crawling corpse (Elf:3)
  896 fire vortices
  5 fungi
  26 plants
  6 withered plants (Crypt:3)
1245 creatures vanquished.

Grand Total: 4464 creatures vanquished

Notes
Turn   | Place    | Note
-------+----------+-------------------------------------------
     0 | D:1      | sankara the Draconian Fire Elementalist began the quest for the Orb.
     0 | D:1      | Reached XP level 1. HP: 14/14 MP: 3/3
   452 | D:1      | Reached skill level 2 in Stealth
   452 | D:1      | Reached XP level 2. HP: 20/20 MP: 3/5
   595 | D:1      | Reached skill level 2 in Dodging
  1103 | D:1      | Reached XP level 3. HP: 26/26 MP: 3/6
  1111 | D:1      | Learned a level 3 spell: Conjure Flame
  1774 | D:2      | Reached skill level 2 in Conjurations
  2034 | D:1      | Reached XP level 4. HP: 30/33 MP: 3/8
  2087 | D:2      | Reached skill level 3 in Spellcasting
  2221 | D:2      | Learned a level 4 spell: Sticky Flame
  2388 | D:2      | Reached skill level 4 in Fire Magic
  2603 | D:2      | Reached XP level 5. HP: 36/38 MP: 0/9
  3292 | D:3      | Found a stormy altar of Qazlal.
  3827 | D:3      | Found a bloodstained altar of Trog.
  4305 | D:4      | Reached skill level 3 in Conjurations
  4468 | D:4      | Reached XP level 6. HP: 45/45 MP: 6/11
  4522 | D:4      | Noticed Sigmund
  4546 | D:3      | Reached skill level 4 in Spellcasting
  4743 | D:3      | Upgraded the game from 0.22-a0-274-gf8199ec to 0.22-a0-278-g8f80174
  4755 | D:4      | Killed Sigmund
  4755 | D:4      | Reached skill level 4 in Conjurations
  4755 | D:4      | Reached skill level 5 in Fire Magic
  4755 | D:4      | Your scales start taking on a pale cyan-grey colour.
  4755 | D:4      | Reached XP level 7. HP: 45/50 MP: 4/13
  4895 | D:4      | Got an encrusted hand axe {flame}
  4898 | D:4      | Identified the +7 hand axe "Eviscerator" {flame, MP+9} (You took it off an orc on level 4 of the Dungeon)
  4983 | D:4      | Noticed tidbits's ghost (weakling GnTm)
  4990 | D:4      | Killed tidbits's ghost
  5091 | D:4      | Noticed Menkaure
  5128 | D:4      | Killed Menkaure
  5128 | D:4      | Reached skill level 6 in Fire Magic
  5203 | D:4      | Noticed Robin
  5213 | D:4      | Killed Robin
  5349 | D:4      | Learned a level 3 spell: Inner Flame
  5464 | D:4      | Reached skill level 5 in Spellcasting
  5575 | D:4      | Reached skill level 5 in Conjurations
  5691 | D:4      | Found an ancient bone altar of Kikubaaqudgha.
  5988 | D:5      | Entered Level 5 of the Dungeon
  6009 | D:5      | Reached XP level 8. HP: 29/57 MP: 15/15
  6275 | D:5      | Reached skill level 7 in Fire Magic
  6436 | D:5      | Found a glowing drain.
  6443 | Sewer    | Entered a sewer
  6705 | Sewer    | Reached skill level 6 in Conjurations
  7522 | D:5      | Found a radiant altar of Vehumet.
  7536 | D:5      | Became a worshipper of Vehumet
  8040 | D:5      | Reached skill level 8 in Fire Magic
  8485 | D:6      | Noticed a two-headed ogre
  8490 | D:6      | Reached skill level 7 in Conjurations
  8609 | D:6      | Killed a two-headed ogre
  8609 | D:6      | Reached skill level 9 in Fire Magic
  8609 | D:6      | Reached XP level 9. HP: 62/62 MP: 16/16
  8663 | D:6      | Found a staircase to the Ecumenical Temple.
  8669 | Temple   | Entered the Ecumenical Temple
  8789 | D:6      | Reached skill level 8 in Conjurations
  8901 | D:6      | Found a basalt altar of Yredelemnul.
  9231 | D:6      | Learned a level 5 spell: Fireball
  9603 | D:6      | Reached * piety under Vehumet
  9603 | D:6      | Offered knowledge of Sting by Vehumet.
  9983 | D:6      | Reached skill level 10 in Fire Magic
 10084 | D:7      | Noticed tidbits's ghost (novice GnIE)
 10089 | D:7      | Killed tidbits's ghost
 10089 | D:7      | Reached skill level 9 in Conjurations
 10366 | D:7      | Found a hide-covered altar of Uskayaw.
 10660 | D:7      | Found a shimmering altar of Xom.
 10668 | D:7      | Noticed Joseph
 10688 | D:7      | Killed Joseph
 10688 | D:7      | Reached skill level 1 in Fighting
 10688 | D:7      | Reached XP level 10. HP: 45/71 MP: 7/17
 10945 | D:7      | Offered knowledge of Sandblast by Vehumet.
 10955 | D:7      | Reached ** piety under Vehumet
 11350 | D:7      | Reached skill level 11 in Fire Magic
 11480 | D:7      | Found a transporter.
 11530 | D:7      | Found a transporter.
 11616 | D:7      | Noticed Jessica
 11618 | D:7      | Killed Jessica
 11626 | D:7      | Found a deep blue altar of Sif Muna.
 11786 | D:7      | Reached skill level 2 in Fighting
 11789 | D:7      | HP: 16/73 [acid (8)]
 11792 | D:7      | Reached skill level 3 in Stealth
 12213 | D:8      | Found a sparkling altar of Nemelex Xobeh.
 12213 | D:8      | Found an ornate altar of the Wu Jian Council.
 12257 | D:8      | Reached skill level 3 in Dodging
 12306 | D:8      | Reached skill level 10 in Conjurations
 12356 | D:8      | Found a blossoming altar of Fedhas.
 12576 | D:8      | Noticed a two-headed ogre
 12576 | D:8      | Learned a level 3 spell: Regeneration
 12580 | D:8      | Killed a two-headed ogre
 12580 | D:8      | Reached skill level 3 in Fighting
 12688 | D:8      | Found a shadowy altar of Dithmenos.
 12843 | D:8      | Offered knowledge of Dazzling Spray by Vehumet.
 12938 | D:8      | Learned a level 3 spell: Dazzling Spray
 13408 | D:8      | Found a snail-covered altar of Cheibriados.
 13693 | D:9      | Reached skill level 4 in Stealth
 13694 | D:9      | Reached skill level 1 in Charms
 13694 | D:9      | Reached skill level 1 in Necromancy
 13694 | D:9      | Reached *** piety under Vehumet
 13888 | D:9      | Reached skill level 4 in Fighting
 13889 | D:9      | Reached skill level 4 in Dodging
 13889 | D:9      | Reached skill level 6 in Spellcasting
 14389 | D:9      | Offered knowledge of Ignite Poison by Vehumet.
 14464 | D:9      | Found a staircase to the Orcish Mines.
 14608 | D:10     | Entered Level 10 of the Dungeon
 14703 | D:10     | Reached XP level 11. HP: 84/84 MP: 20/20
 14821 | D:10     | Noticed Erica
 14824 | D:10     | Killed Erica
 14824 | D:10     | Reached skill level 2 in Charms
 14824 | D:10     | Reached skill level 2 in Necromancy
 14831 | D:10     | Learned a level 3 spell: Ignite Poison
 15130 | D:10     | Reached skill level 1 in Evocations
 15334 | D:10     | Found Wogan's Book Shop.
 15429 | D:10     | HP: 12/85 [orc warrior/mace (13)]
 15838 | D:10     | Reached **** piety under Vehumet
 16196 | D:11     | Offered knowledge of Lightning Bolt by Vehumet.
 16453 | D:11     | Reached skill level 5 in Fighting
 16453 | D:11     | Reached skill level 7 in Spellcasting
 16453 | D:11     | Reached skill level 2 in Evocations
 16466 | D:10     | Reached skill level 3 in Necromancy
 16553 | D:10     | Reached skill level 3 in Charms
 16877 | D:11     | Found a staircase to the Lair.
 16922 | D:11     | Reached skill level 5 in Dodging
 17478 | Lair:1   | Entered Level 1 of the Lair of Beasts
 17514 | Lair:1   | Reached skill level 3 in Evocations
 17902 | Lair:1   | Reached skill level 4 in Necromancy
 18033 | Lair:1   | Noticed a six-headed hydra
 18065 | Lair:1   | Killed a six-headed hydra
 18065 | Lair:1   | Reached skill level 6 in Fighting
 18065 | Lair:1   | Reached skill level 4 in Charms
 18073 | Lair:1   | Reached skill level 4 in Evocations
 18129 | Lair:1   | HP: 21/89 [warg (14)]
 18697 | Lair:1   | Reached XP level 12. HP: 97/97 MP: 20/22
 19230 | Lair:2   | Found a labyrinth entrance.
 19281 | Lab      | Entered a labyrinth
 19571 | Lab      | Noticed a minotaur
 19582 | Lab      | Killed a minotaur
 19582 | Lab      | Reached skill level 6 in Dodging
 19582 | Lab      | Reached skill level 5 in Necromancy
 19608 | Lab      | Identified the Guide on the Floating Escort
 19617 | Lab      | Identified Xosef's Guide on Translocation
 19870 | Lair:2   | Reached skill level 7 in Fighting
 21051 | Lair:3   | Found a staircase to the Snake Pit.
 21114 | Lair:3   | Reached skill level 8 in Fighting
 21114 | Lair:3   | Reached skill level 7 in Dodging
 21234 | Lair:3   | Reached ***** piety under Vehumet
 21234 | Lair:3   | Offered knowledge of Conjure Ball Lightning by Vehumet.
 21252 | Lair:3   | Found a snail-covered altar of Cheibriados.
 21288 | Lair:3   | Noticed a six-headed hydra
 21290 | Lair:3   | Found a dark tunnel.
 21300 | Lair:3   | Learned a level 2 spell: Passwall
 21313 | Volcano  | Entered a volcano
 21390 | Volcano  | Noticed a hell hog
 21405 | Volcano  | Killed a hell hog
 21407 | Volcano  | HP: 20/103 [centaur/arrow (10)]
 21584 | Volcano  | Killed a two-headed ogre
 21797 | Volcano  | Noticed a hell hog
 21808 | Volcano  | Killed a hell hog
 22263 | Lair:3   | Reached skill level 9 in Fighting
 22687 | Lair:3   | Reached skill level 8 in Dodging
 23188 | Lair:3   | Killed a six-headed hydra
 23188 | Lair:3   | Reached skill level 5 in Evocations
 23395 | Lair:4   | Found a staircase to the Swamp.
 23792 | Lair:4   | Reached XP level 13. HP: 111/111 MP: 1/24
 24475 | Lair:5   | Reached skill level 8 in Spellcasting
 25140 | Lair:5   | Noticed Kirke
 25591 | Lair:5   | Reached skill level 6 in Evocations
 25731 | Lair:5   | Found a staircase to the Slime Pits.
 25732 | Lair:5   | Found a viscous altar of Jiyva.
 25850 | Lair:5   | Reached skill level 10 in Fighting
 25852 | Lair:5   | Killed Kirke
 25852 | Lair:5   | Reached skill level 9 in Spellcasting
 26314 | Lair:5   | Reached skill level 9 in Dodging
 26557 | Lair:6   | Entered Level 6 of the Lair of Beasts
 26642 | Lair:5   | Reached skill level 7 in Evocations
 26928 | Lair:6   | Reached skill level 10 in Spellcasting
 26937 | Lair:6   | Learned a level 6 spell: Conjure Ball Lightning
 26976 | Lair:6   | Upgraded the game from 0.22-a0-278-g8f80174 to 0.22-a0-280-g69bf1f3
 27765 | Lair:6   | Reached skill level 8 in Evocations
 28038 | Lair:6   | Reached skill level 10 in Dodging
 28038 | Lair:6   | Reached XP level 14. HP: 121/121 MP: 8/28
 28076 | Lair:6   | Reached skill level 9 in Evocations
 28471 | D:12     | Noticed Sonja
 28471 | D:12     | Killed Sonja
 28513 | D:12     | Found Qaugul's Food Shoppe.
 28638 | D:12     | Identified the +0 pair of boots of the Sun {rElec rF+ rC+ rN+} (You found it on level 12 of the Dungeon)
 28694 | D:12     | Found Apnoumpix's Hallowed Reliquary.
 28694 | D:12     | Found a glowing silver altar of Zin.
 28696 | D:12     | Noticed an angel
 28700 | D:12     | Reached skill level 10 in Evocations
 28915 | D:12     | Offered knowledge of Bolt of Cold by Vehumet.
 29056 | D:12     | Noticed Josephine
 29056 | D:12     | Killed Josephine
 29463 | Orc:1    | Entered Level 1 of the Orcish Mines
 29463 | Orc:1    | Noticed galech's ghost (journeyman TrMo)
 30297 | D:13     | Reached skill level 1 in Air Magic
 30962 | D:13     | HP: 30/121 [very large slime creature (34)]
 30963 | D:13     | Reached skill level 2 in Air Magic
 30973 | D:13     | HP: 12/121 [large slime creature (32)]
 31102 | D:13     | Found a basalt altar of Yredelemnul.
 31386 | D:14     | Reached skill level 12 in Fire Magic
 31429 | D:14     | Reached skill level 5 in Stealth
 31429 | D:14     | Reached skill level 3 in Air Magic
 31610 | D:14     | Noticed a war gargoyle
 31615 | D:14     | Killed a war gargoyle
 31762 | D:14     | Reached skill level 4 in Air Magic
 31845 | D:14     | Noticed a fire giant
 32059 | Orc:1    | Killed galech's ghost
 32205 | Orc:2    | Entered Level 2 of the Orcish Mines
 32294 | Orc:2    | Offered knowledge of Bolt of Draining by Vehumet.
 32310 | Orc:2    | Learned a level 5 spell: Bolt of Draining
 32433 | Orc:2    | Reached XP level 15. HP: 126/126 MP: 17/29
 32909 | Orc:2    | Found Bukusom's Antique Armour Shoppe.
 32931 | Orc:2    | Reached skill level 13 in Fire Magic
 32963 | Orc:2    | Reached skill level 6 in Stealth
 33262 | Orc:1    | Noticed Snorg
 33263 | Orc:1    | Reached skill level 11 in Spellcasting
 33314 | Orc:2    | Killed Snorg
 33725 | Orc:2    | Reached skill level 5 in Air Magic
 33912 | Orc:2    | Paralysed by an orc sorcerer for 2 turns
 33925 | Orc:2    | Noticed Nessos
 33943 | Orc:2    | Killed Nessos
 34244 | Orc:2    | Found a staircase to the Elven Halls.
 34497 | Orc:2    | Found Boaceo's Gadget Emporium.
 34556 | Orc:2    | Found a roughly hewn altar of Beogh.
 34774 | Orc:2    | Noticed an orc warlord
 34775 | Orc:2    | Reached skill level 6 in Necromancy
 34779 | Orc:2    | Killed an orc warlord
 34780 | Orc:2    | Reached ****** piety under Vehumet
 34848 | Orc:2    | Found a roughly hewn altar of Beogh.
 35074 | Orc:2    | Found Uxais's Jewellery Shoppe.
 35158 | Orc:2    | Offered knowledge of Bolt of Fire by Vehumet.
 35165 | Orc:2    | Reached skill level 7 in Stealth
 35191 | Orc:2    | Found Puru's Armour Boutique.
 35510 | D:14     | Noticed a sphinx
 35521 | D:13     | HP: 27/126 [sphinx (10)]
 35522 | D:13     | Killed a sphinx
 35522 | D:13     | Reached skill level 12 in Spellcasting
 35530 | D:13     | HP: 20/126 [yaktaur captain/translucent great sword {freeze} (16)]
 35535 | D:13     | Got a translucent great sword {freeze}
 35536 | D:13     | Identified the cursed +1 great sword "Miliat Liubi" {freeze, Str+4 Int+7 Dex-3} (You took it off a yaktaur captain on level 13 of the Dungeon)
 35668 | D:14     | Reached skill level 7 in Necromancy
 36359 | D:14     | Noticed a fire giant
 36366 | D:14     | Killed a fire giant
 36559 | D:14     | Reached skill level 13 in Spellcasting
 36596 | D:14     | Found a gate to the Vaults.
 36691 | D:15     | Entered Level 15 of the Dungeon
 36903 | D:15     | Noticed Rupert
 36923 | D:14     | HP: 12/126 [Rupert/great mace of draining (34)]
 36954 | D:14     | Paralysed by Rupert for 5 turns
 36960 | D:14     | Killed Rupert
 36960 | D:14     | Reached XP level 16. HP: 36/134 MP: 3/33
 37228 | D:15     | Reached skill level 14 in Spellcasting
 37264 | D:15     | Noticed Agnes
 37269 | D:14     | Learned a level 2 spell: Blink
 37341 | D:15     | Killed Agnes
 37523 | D:14     | Learned a level 4 spell: Summon Lightning Spire
 37609 | D:15     | Reached skill level 1 in Summonings
 37691 | D:15     | Offered knowledge of Ozocubu's Refrigeration by Vehumet.
 37806 | D:15     | Found a staircase to the Depths.
 37860 | D:15     | Reached skill level 2 in Summonings
 37984 | D:15     | Reached skill level 15 in Spellcasting
 37994 | D:15     | Reached skill level 1 in Shields
 37999 | D:15     | Noticed Roxanne
 38197 | D:15     | Killed Roxanne
 38274 | D:15     | Reached skill level 2 in Shields
 38694 | Snake:1  | Entered Level 1 of the Snake Pit
 38697 | Snake:1  | Reached skill level 3 in Summonings
 38699 | Snake:1  | Reached skill level 3 in Shields
 38704 | Snake:1  | Reached skill level 4 in Shields
 38712 | Snake:1  | Reached skill level 4 in Summonings
 38830 | Lair:3   | Learned a level 3 spell: Mephitic Cloud
 38932 | Snake:1  | Found a blossoming altar of Fedhas.
 39111 | Snake:1  | Learned a level 2 spell: Shroud of Golubria
 39115 | Snake:1  | Learned a level 3 spell: Ozocubu's Armour
 39534 | Snake:1  | Reached skill level 5 in Summonings
 39730 | Snake:2  | Identified a scroll of acquirement
 39749 | Snake:2  | Reached skill level 1 in Ice Magic
 40195 | Snake:2  | Reached skill level 6 in Air Magic
 40280 | Snake:2  | Got a steaming glass ring
 40281 | Snake:2  | Identified the ring of Zuten {rElec rPois Int+4 SInv} (You acquired it on level 2 of the Snake Pit)
 40456 | Snake:3  | Reached skill level 2 in Ice Magic
 40526 | Snake:3  | Offered knowledge of Poison Arrow by Vehumet.
 40609 | Snake:3  | Reached XP level 17. HP: 140/140 MP: 24/36
 40935 | Snake:3  | Reached skill level 7 in Air Magic
 40949 | Snake:3  | HP: 32/140 [naga sharpshooter/bolt (27)]
 40950 | Snake:3  | HP: 8/140 [naga sharpshooter/bolt (24)]
 40955 | Snake:3  | HP: 27/140 [poisoned by a naga sharpshooter (splash of poison)]
 40958 | Snake:3  | HP: 5/140 [naga sharpshooter/bolt (22)]
 40963 | Snake:2  | HP: 9/140 [poisoned by a naga sharpshooter (splash of poison)]
 40971 | Snake:2  | HP: 17/140 [poisoned by a naga sharpshooter (splash of poison)]
 41430 | Swamp:1  | Entered Level 1 of the Swamp
 41588 | Swamp:1  | Reached skill level 1 in Translocations
 41871 | Swamp:1  | Reached skill level 2 in Translocations
 42351 | Swamp:2  | Reached skill level 3 in Translocations
 42521 | Swamp:2  | Offered knowledge of Bolt of Cold by Vehumet.
 42796 | Swamp:2  | Reached skill level 11 in Fighting
 43090 | Swamp:2  | Identified the ring "Selatoe" {rElec rF++ EV+3 Dex+2} (You found it on level 2 of the Swamp)
 43101 | Swamp:2  | Identified the cursed +0 whip of Ommonnao {pain, rElec} (You found it on level 2 of the Swamp)
 43120 | Swamp:2  | Reached skill level 11 in Dodging
 43376 | Swamp:2  | Offered knowledge of Fire Storm by Vehumet.
 43376 | Swamp:2  | Offered knowledge of Glaciate by Vehumet.
 43376 | Swamp:2  | Offered knowledge of Tornado by Vehumet.
 45082 | Swamp:4  | Entered Level 4 of the Swamp
 45109 | Swamp:4  | Reached skill level 14 in Fire Magic
 45117 | Swamp:4  | Noticed Bai Suzhen
 45321 | Swamp:4  | Noticed Jorgrun
 45422 | Swamp:4  | Killed Jorgrun
 45506 | Swamp:4  | Reached skill level 11 in Conjurations
 45509 | Swamp:4  | Killed Bai Suzhen
 45509 | Swamp:4  | Reached XP level 18. HP: 110/151 MP: 20/37
 46235 | Swamp:4  | Reached skill level 12 in Conjurations
 46235 | Swamp:4  | Reached skill level 15 in Fire Magic
 46588 | Swamp:4  | Got a decaying rune of Zot
 46613 | Swamp:4  | Got an ancient silver ring
 46614 | Swamp:4  | Identified the ring of the Invisible Wonders {rCorr rElec rF+ Dex+3} (You found it on level 4 of the Swamp)
 46838 | Snake:4  | Entered Level 4 of the Snake Pit
 47588 | Snake:4  | Reached skill level 13 in Conjurations
 47599 | Snake:4  | Noticed Vashnia
 47836 | Snake:4  | Reached skill level 16 in Spellcasting
 47840 | Snake:4  | Killed Vashnia
 48147 | Snake:4  | HP: 33/151 [naga sharpshooter/arrow (26)]
 48148 | Snake:4  | HP: 8/151 [naga sharpshooter/bolt (18)]
 48271 | Snake:4  | Reached XP level 19. HP: 158/158 MP: 27/39
 48362 | Snake:4  | Reached skill level 14 in Conjurations
 48771 | Snake:4  | Found a glowing golden altar of the Shining One.
 49136 | Snake:4  | Got a serpentine rune of Zot
 49434 | Vaults:1 | Entered Level 1 of the Vaults
 50344 | Vaults:1 | Reached skill level 15 in Conjurations
 50467 | Vaults:1 | Found Idageihu's Jewellery Shoppe.
 50871 | Vaults:1 | Reached skill level 16 in Fire Magic
 51717 | Vaults:2 | Found a flickering gateway to a bazaar.
 51724 | Bazaar   | Entered a bazaar
 51724 | Bazaar   | Found Uxzab's Magic Scroll Boutique.
 51724 | Bazaar   | Found Ytiwyu Tuse's Book Shoppe.
 51724 | Bazaar   | Found Zeomano's Magic Scroll Shop.
 51727 | Bazaar   | Found Korud's Jewellery Shop.
 51777 | Bazaar   | Bought a scroll of enchant armour for 120 gold pieces
 51777 | Bazaar   | Bought a scroll of enchant armour for 120 gold pieces
 51777 | Bazaar   | Bought a scroll of teleportation for 48 gold pieces
 51780 | Bazaar   | Bought a scroll of blinking for 90 gold pieces
 51792 | Bazaar   | Bought a scroll of identify for 24 gold pieces
 51792 | Bazaar   | Bought a scroll of identify for 24 gold pieces
 51801 | Bazaar   | Bought a scroll of identify for 32 gold pieces
 51801 | Bazaar   | Bought a scroll of identify for 32 gold pieces
 51801 | Bazaar   | Bought a scroll of identify for 32 gold pieces
 51893 | Vaults:2 | Learned a level 9 spell: Fire Storm
 52086 | Vaults:2 | Paralysed by an orc sorcerer for 2 turns
 52090 | Vaults:2 | Reached skill level 17 in Spellcasting
 52395 | Vaults:2 | Reached XP level 20. HP: 132/166 MP: 30/41
 52801 | Vaults:2 | Reached skill level 17 in Fire Magic
 52910 | Vaults:2 | Found a staircase to the Crypt.
 52910 | Vaults:2 | Found an ancient bone altar of Kikubaaqudgha.
 52911 | Vaults:2 | Found a basalt altar of Yredelemnul.
 53184 | Vaults:2 | Cast into level 2 of the Abyss (a deep elf sorcerer)
 53288 | Vaults:2 | Escaped the Abyss
 53598 | Vaults:3 | Reached skill level 16 in Conjurations
 53715 | Vaults:3 | Learned a level 2 spell: Swiftness
 53981 | Vaults:3 | Upgraded the game from 0.22-a0-280-g69bf1f3 to 0.22-a0-282-gdd34a7d
 54079 | Vaults:3 | Found a sparkling altar of Nemelex Xobeh.
 54237 | Vaults:3 | Reached skill level 18 in Fire Magic
 54489 | Vaults:3 | Found Sadyteish's Jewellery Boutique.
 55208 | Vaults:4 | Found Tibiukyps's Antique Armour Emporium.
 55214 | Vaults:4 | Bought a pair of slimy boots for 180 gold pieces
 55214 | Vaults:4 | Identified the +1 pair of boots of the Bouncing Queens {Regen+ Int-2 SInv} (You bought it in a shop on level 4 of the Vaults)
 55764 | Vaults:4 | Reached skill level 19 in Fire Magic
 56159 | Vaults:4 | Reached XP level 21. HP: 172/172 MP: 31/42
 56917 | Elf:1    | Entered Level 1 of the Elven Halls
 58170 | Orc:2    | Reached skill level 17 in Conjurations
 58274 | Elf:1    | Gained mutation: You expend magic power (3 MP) to strengthen your wands. [mutagenic glow]
 58867 | Elf:1    | Reached skill level 20 in Fire Magic
 59084 | Elf:1    | Got a serpentine lead ring
 59088 | Elf:1    | Found a runed door.
 59091 | Elf:1    | Identified Kanocutamp's Compendium of Illusion and Talismans
 59511 | Elf:2    | Found a portal to a secret trove of treasure.
 59577 | Elf:2    | Identified the ring "Zepysea" {rC+ SInv} (You took it off a deep elf mage on level 1 of the Elven Halls)
 59585 | Elf:2    | You paid a toll of 3 potions of resistance to enter a treasure trove
 59586 | Trove    | Entered a treasure trove
 59592 | Trove    | Found the +3 pair of gauntlets of War {Slay+5}
 59594 | Trove    | Got a coiled iron ring
 59598 | Trove    | Got a vibrating steel amulet
 59607 | Trove    | Got a smoking marble ring
 59629 | Elf:2    | Identified the amulet of Upycoth {+Rage rPois} (You found it in a treasure trove)
 59630 | Elf:2    | Identified the ring "Umis Raxa" {rC+ Int+3} (You found it in a treasure trove)
 59631 | Elf:2    | Identified the ring of the Invisible Hand {*Contam rF+ rC+ Int+2 Stlth+} (You found it in a treasure trove)
 59726 | Elf:2    | Reached skill level 18 in Conjurations
 59822 | Elf:2    | Found Vibuok's Antique Armour Emporium.
 59839 | Elf:2    | Bought a glowing buckler for 217 gold pieces
 59951 | Elf:2    | Found a runed door.
 60142 | Elf:2    | Found a huge runed gate.
 60142 | Elf:2    | Found a huge runed gate.
 60144 | Elf:2    | Found a huge runed gate.
 60144 | Elf:2    | Found a huge runed gate.
 60149 | Elf:2    | Found a huge runed gate.
 60896 | Crypt:1  | Entered Level 1 of the Crypt
 61195 | Crypt:1  | Noticed Mara
 61207 | Crypt:1  | Killed Mara
 62852 | Crypt:2  | Reached skill level 12 in Fighting
 62948 | Crypt:2  | Found a magical portal.
 62955 | WizLab   | Entered Zonguldrok's Shrine
 63120 | WizLab   | Reached XP level 22. HP: 181/181 MP: 9/43
 63310 | WizLab   | Noticed an antique lich
 63316 | WizLab   | Killed an antique lich
 63387 | WizLab   | Found the +9 sword of Zonguldrok {reap}
 64309 | Elf:3    | Entered Level 3 of the Elven Halls
 64404 | Elf:3    | Found Idurav's Gadget Boutique.
 64583 | Elf:3    | Found Deika Ase's Food Shoppe.
 64584 | Elf:3    | Found Onlauc's Food Emporium.
 64584 | Elf:3    | Found Fuakebew's Weapon Shoppe.
 64609 | Elf:3    | Found Tyhareag's Antique Weapon Emporium.
 64741 | Elf:3    | Found the +3 robe of Folly {Archmagi, MR-- Int+5}
 65088 | Elf:3    | Reached skill level 12 in Dodging
 65088 | Elf:3    | Reached skill level 19 in Conjurations
 65088 | Elf:3    | Reached skill level 21 in Fire Magic
 65300 | Elf:3    | Got a pair of faintly humming gloves
 65301 | Elf:3    | Identified the +2 pair of gloves of Beyond {Int+4} (You found it on level 3 of the Elven Halls)
 65374 | Elf:3    | Found the +6 shillelagh "Devastator" {shatter}
 65396 | Elf:3    | Identified Sif Muna's Grimoire of Dusty Ice
 65879 | Slime:1  | Entered Level 1 of the Pits of Slime
 66077 | Slime:2  | Noticed Dissolution
 66087 | Slime:2  | Reached skill level 4 in Translocations
 66101 | Slime:1  | Killed Dissolution
 66101 | Slime:1  | Reached skill level 6 in Translocations
 66292 | Slime:2  | Reached skill level 22 in Fire Magic
 67062 | Slime:3  | Reached XP level 23. HP: 184/190 MP: 33/44
 68304 | Crypt:3  | Entered Level 3 of the Crypt
 68305 | Crypt:3  | Upgraded the game from 0.22-a0-282-gdd34a7d to 0.22-a0-283-g1871b15
 68436 | Crypt:3  | Reached skill level 18 in Spellcasting
 68458 | Crypt:3  | Reached skill level 11 in Evocations
 68994 | Crypt:3  | Reached skill level 13 in Fighting
 69103 | Crypt:3  | Found a staircase to the Tomb.
 69379 | Crypt:3  | Got an ancient long sword {elec}
 69391 | Crypt:3  | Identified the +5 long sword "Podwet" {elec, rF+} (You took it off a skeletal warrior on level 3 of the Crypt)
 69605 | Crypt:3  | Found a basalt altar of Yredelemnul.
 69948 | Crypt:3  | Identified the +4 morningstar of True Grit {vamp, rC+ Dex+5} (You took it off a skeletal warrior on level 3 of the Crypt)
 70229 | Crypt:3  | Found the +8 demon blade "Leech" {vamp, rN+ AC-3 EV-3}
 70846 | Lair:1   | Learned a level 6 spell: Deflect Missiles
 70856 | Lair:1   | Learned a level 8 spell: Ignition
 71113 | Vaults:5 | Entered Level 5 of the Vaults
 71254 | Vaults:4 | Reached XP level 24. HP: 200/200 MP: 9/45
 71296 | Vaults:5 | Reached skill level 12 in Evocations
 71298 | Vaults:5 | Reached skill level 20 in Conjurations
 71298 | Vaults:5 | Reached skill level 5 in Charms
 71301 | Vaults:5 | Reached skill level 8 in Air Magic
 71301 | Vaults:5 | Reached skill level 13 in Dodging
 71308 | Vaults:5 | Reached skill level 14 in Fighting
 71536 | Vaults:5 | Reached skill level 13 in Evocations
 72164 | Vaults:5 | Found Fuep's Magic Scroll Shoppe.
 72164 | Vaults:5 | Found Pavuvilo's Distillery.
 72174 | Vaults:5 | Found Oxkaemer's Food Emporium.
 72198 | Vaults:5 | Found Joukk's Distillery.
 72198 | Vaults:5 | Found Tugro's Distillery.
 72229 | Vaults:5 | Got a silver rune of Zot
 72234 | Vaults:5 | Found Cisu's Food Shoppe.
 72507 | Vaults:5 | Found Badal's Distillery.
 72519 | Vaults:5 | Found Buptogosk's Magic Scroll Emporium.
 72754 | Vaults:5 | Identified the +0 morningstar of Fate {holy, Str+3 Int+4 Dex+3} (You took it off a yaktaur captain on level 5 of the Vaults)
 73220 | Elf:3    | Bought a ration for 50 gold pieces
 73220 | Elf:3    | Bought a ration for 50 gold pieces
 73220 | Elf:3    | Bought a ration for 50 gold pieces
 73220 | Elf:3    | Bought a ration for 50 gold pieces
 73220 | Elf:3    | Bought a ration for 50 gold pieces
 73220 | Elf:3    | Bought a ration for 50 gold pieces
 73220 | Elf:3    | Bought a ration for 50 gold pieces
 73220 | Elf:3    | Bought a ration for 50 gold pieces
 73229 | Elf:3    | Bought a ration for 65 gold pieces
 73229 | Elf:3    | Bought a ration for 65 gold pieces
 73229 | Elf:3    | Bought a ration for 65 gold pieces
 73229 | Elf:3    | Bought a ration for 65 gold pieces
 73229 | Elf:3    | Bought a ration for 65 gold pieces
 73229 | Elf:3    | Bought a ration for 65 gold pieces
 73229 | Elf:3    | Bought a ration for 65 gold pieces
 73229 | Elf:3    | Bought a ration for 65 gold pieces
 73229 | Elf:3    | Bought a ration for 65 gold pieces
 73359 | Elf:2    | HP: 51/204 [poisoned by a glaive of venom]
 73594 | Elf:2    | Reached skill level 19 in Spellcasting
 74151 | Depths:1 | Entered Level 1 of the Depths
 74153 | Depths:1 | Reached skill level 15 in Fighting
 74293 | Depths:1 | Reached XP level 25. HP: 212/212 MP: 37/46
 74323 | Depths:1 | Reached skill level 14 in Dodging
 74669 | Depths:1 | Found a runed door.
 74703 | Depths:1 | Noticed Margery
 74711 | Depths:1 | Killed Margery
 74894 | Depths:1 | Found a gateway to Hell.
 75042 | Depths:1 | Reached skill level 14 in Evocations
 75129 | Depths:1 | Found a one-way gate to the infinite horrors of the Abyss.
 75189 | Depths:1 | Found a runed door.
 75337 | Depths:1 | Found Ahim's Jewellery Emporium.
 75776 | Depths:2 | Found Ujeich's Book Emporium.
 75779 | Depths:2 | Found Tyluafia's General Store.
 75781 | Depths:2 | Found Pengoyl's Food Emporium.
 75984 | Depths:2 | Noticed Saint Roka
 75987 | Depths:2 | Killed Saint Roka
 76152 | Depths:2 | Reached skill level 15 in Evocations
 76162 | Depths:2 | Reached skill level 15 in Dodging
 76342 | Depths:2 | Reached skill level 20 in Spellcasting
 76608 | Depths:2 | Reached skill level 9 in Air Magic
 76657 | Depths:2 | Noticed a juggernaut
 76660 | Depths:2 | Killed a juggernaut
 76660 | Depths:2 | Reached skill level 10 in Air Magic
 76725 | Depths:2 | Identified the amulet of Henotheism {Faith Int+4 Dex+2} (You took it off a frost giant on level 2 of the Depths)
 76920 | Depths:2 | Reached skill level 11 in Air Magic
 77093 | Depths:2 | Reached XP level 26. HP: 220/220 MP: 24/47
 77439 | Depths:3 | Reached skill level 12 in Air Magic
 77616 | Depths:3 | Reached skill level 13 in Air Magic
 77690 | Depths:3 | Noticed the Enchantress
 77693 | Depths:3 | Killed the Enchantress
 77709 | Depths:3 | Reached skill level 14 in Air Magic
 78001 | Depths:3 | Reached skill level 15 in Air Magic
 78013 | Depths:3 | Learned a level 9 spell: Tornado
 78148 | Depths:3 | Paralysed by a lich for 6 turns
 78622 | Depths:3 | Reached skill level 16 in Air Magic
 78676 | Depths:3 | Found a one-way gate leading to the halls of Pandemonium.
 78729 | Depths:3 | Cast into level 3 of the Abyss (a lich)
 78730 | Abyss:3  | Found a corrupted altar of Lugonu.
 78997 | Abyss:3  | Gained mutation: Your magical capacity is low. (-10% MP) [a cacodemon]
 79203 | Depths:3 | Escaped the Abyss
 79237 | Depths:3 | Reached skill level 17 in Air Magic
 79573 | Depths:4 | Paralysed by a floating eye for 2 turns
 79588 | Depths:4 | Reached skill level 18 in Air Magic
 79658 | Depths:4 | Found a gateway to a ziggurat.
 79778 | Depths:4 | Noticed Nikola
 79779 | Depths:4 | Killed Nikola
 80006 | Depths:4 | Reached skill level 7 in Translocations
 80165 | Depths:5 | Entered Level 5 of the Depths
 80196 | Depths:4 | Reached XP level 27. HP: 74/226 MP: 3/42
 80551 | Depths:5 | Reached skill level 19 in Air Magic
 80671 | Depths:5 | Found Kosakiuggim's Jewellery Shop.
 80671 | Depths:5 | Found Cuirojap's Gadget Emporium.
 80672 | Depths:5 | Found Xidor's Gadget Emporium.
 81105 | Depths:5 | Reached skill level 20 in Air Magic
 81106 | Depths:5 | Lost mutation: You expend magic power (3 MP) to strengthen your wands. [potion of mutation]
 81106 | Depths:5 | Lost mutation: Your magical capacity is low. (-10% MP) [potion of mutation]
 81106 | Depths:5 | Gained mutation: You are somewhat resistant to further mutation. [potion of mutation]
 81761 | Depths:5 | Found a runed door.
 81761 | Depths:5 | Found a runed door.
 81761 | Depths:5 | Found a runed door.
 81771 | Depths:5 | Found a gate to the Realm of Zot.
 81792 | Depths:5 | Found a runed door.
 81849 | Depths:5 | Found a runed door.
 81856 | Depths:5 | Found a runed door.
 82177 | Zot:1    | Entered Level 1 of the Realm of Zot
 82225 | Zot:1    | Reached skill level 21 in Air Magic
 83095 | Zot:1    | Reached skill level 21 in Spellcasting
 83830 | Zot:2    | Noticed an orb of fire
 83918 | Zot:2    | Killed an orb of fire
 84787 | Zot:3    | Reached skill level 22 in Spellcasting
 84829 | Zot:3    | HP: 51/226 [tentacled monstrosity (15)]
 84834 | Zot:3    | HP: 46/227 [black draconian/bolt of lightning (12)]
 84882 | Zot:3    | Noticed Azzok's ghost (legendary GrBe)
 85002 | Zot:3    | Killed Azzok's ghost
 85008 | Zot:3    | Reached skill level 23 in Spellcasting
 86091 | Zot:4    | Found Dieconoj's Changing Room.
 86923 | Zot:5    | Entered Level 5 of the Realm of Zot
 86927 | Zot:5    | Noticed an orb of fire
 87214 | Zot:5    | Noticed an ancient lich
 87216 | Zot:5    | Killed an ancient lich
 87216 | Zot:5    | Reached skill level 3 in Ice Magic
 87372 | Zot:5    | Reached skill level 4 in Ice Magic
 87573 | Zot:5    | Reached skill level 24 in Spellcasting
 87573 | Zot:5    | Reached skill level 5 in Ice Magic
 87575 | Zot:5    | Noticed an ancient lich
 87576 | Zot:5    | Killed an ancient lich
 87605 | Zot:5    | Learned a level 9 spell: Glaciate
 87633 | Zot:5    | Noticed an ancient lich
 87635 | Zot:5    | Killed an ancient lich
 87635 | Zot:5    | Reached skill level 16 in Fighting
 87635 | Zot:5    | Reached skill level 6 in Ice Magic
 87635 | Zot:5    | Reached skill level 16 in Evocations
 87678 | Zot:5    | Reached skill level 7 in Ice Magic
 87684 | Zot:5    | HP: 56/232 [Orb Guardian (24)]
 87684 | Zot:5    | HP: 3/232 [Orb Guardian (30)]
 87684 | Zot:5    | Demolished by an Orb Guardian

Vault maps used:
D:1:      nagdon_arrival_double_spiral, minmay_misc_feat_five
D:2:      minmay_tetromino_s2
D:3:      grunt_qazlal_clouds, lemuel_doored_altar, first_ration
D:4:      lemuel_round_altar, kennysheep_generic_room_6, uniq_robin,
          uniq_menkaure, uniq_sigmund
D:5:      fiery_altar_vehumet, lightli_sewer_entry_pipes
D:6:      lemuel_round_altar, minmay_temple_entry_trees, grunt_ministairs_7,
          small_statue_intersection
D:7:      gammafunk_cloud_chamber, lemuel_coloured_pillars_altar,
          old_standard_altar, tgw_sif, uniq_joseph
D:8:      grunt_dithmenos_smoke, gammafunk_temple_overflow_wave, slow_altar_2,
          lemuel_round_altar, grunt_ogre_cave
D:9:      lemuel_ice_spiral_2, david_orc_2, minmay_misc_feat_pillars
D:10:     serial_shops, shop_fountains, minivault_22, st_stairs_6, hex_large,
          uniq_erica
D:11:     minmay_lair_entry_grove, hangedman_decor_lopped
D:12:     serial_shops, shop, nicolae_good_shop, uniq_josephine, uniq_sonja
D:13:     lemuel_mausoleum_altar_yredelemnul
D:14:     minmay_tearing_corner, david_vaults_4, minmay_misc_feat_room
D:15:     hangedman_depths_entry_try_elsewhere_first, hex_tiny, uniq_rupert,
          uniq_agnes, uniq_roxanne
Temple:   pf_slimified_temple
Lair:1:   beast_lair_carwin_large_1, infiniplex_staircase_pool_2
Lair:2:   lab_entry_generic, small_statue_intersection, st_stairs_9,
          serial_bayou_shore_a, lemuel_fruit_tree
Lair:3:   guppyfry_snake_entry_island, enter_volcano_2, kennysheep_snail_temple,
          minmay_lair_oklob_chamber
Lair:4:   swamp_mist, cheibrodos_lair_lostbears
Lair:5:   minmay_lair_oklob_tunnel, slime_altar_1, serial_bayou_pond_a,
          st_stairs_11, infiniplex_staircase_pool, uniq_kirke
Lair:6:   evilmike_catoblepas_cave, columned_hall_lemuel
Swamp:1:  nicolae_swamp_round_clearing
Swamp:2:  cheibrodos_swamp_mausoleum, evilmike_swamp_ruin_house_2,
          cheibrodos_swamp_kobolds
Swamp:3:  nicolae_swamp_rocky_clearing, roderic_carrion_pond
Swamp:4:  swamp_basic_johnstein, uniq_bai_suzhen, uniq_jorgrun
Snake:1:  basic_altar
Snake:4:  johnstein_snake_rune_scales, basic_altar
Slime:2:  dissolution_awaits, uniq_dissolution
Orc:1:    uniq_snorg
Orc:2:    pubby_orc_utopia, serial_shops, uniq_nessos
Elf:1:    minmay_the_grid_square_5x5_5x5, serial_co_window_serial,
          co_window_corner_a, co_window_of_opportunity_a, co_window_corner_a,
          co_window_paths_b, co_window_corner_a, co_window_broadway_a,
          co_window_cross_4, co_window_2corner, co_window_paths_e,
          co_window_sun, glass_columns_a, glass_columns_a, glass_columns_a,
          nrook_loot_triangle
Elf:2:    serial_shops, shop, enter_trove_1, nicolae_elf_m_pinch, hex_medium,
          minivault_13
Elf:3:    minmay_elf_hall_spiked, serial_shops, nicolae_shop_stone,
          minmay_misc_feat_rows, minmay_shoptagon, basic_stair_grate_trap
Vaults:1: v_alt_pattern_4, v_misc_24, vaults_room_grunt_arrival_checkpoint,
          v_misc_2, nicolae_vaults_angled_halls, v_misc_14,
          ontoclasm_vaults_gallery, grunt_vaults_hallway_short,
          hangedman_vaults_capsules, vaults_mumra_hex, serial_shops, shop
Vaults:2: hangedman_vaults_locks, vaults_dpeg_encased_lava,
          minmay_crypt_entry_necro_gods, v_misc_16,
          nicolae_vaults_ninety_degrees, vaults_dpeg_ring,
          nicolae_vaults_quartermaster, v_misc_22, dpeg_vaults_monster_box,
          hangedman_vaults_hat, v_alt_pattern_1, vaults_room_fours,
          hangedman_vaults_nails, vaults_room_pool, serial_shops, bzr_entry_road
Vaults:3: grunt_vaults_hallway_long, vaults_room_pools,
          vaults_standard_mumra_lines, grunt_vaults_swirl, v_misc_18,
          hangedman_vaults_river_flow, vaults_dpeg_hooks,
          nicolae_vaults_an_arrangement, nicolae_vaults_shelves_hall,
          nicolae_vaults_little_squares_3, nicolae_vaults_shelves_hall,
          basic_altar, serial_shops, shop
Vaults:4: v_rooms_1, hangedman_vaults_nails, ontoclasm_vaults_ligature,
          v_misc_27, grunt_vaults_hallway_long, nicolae_vaults_bisected_slash,
          v_misc_1, v_misc_4, nicolae_vaults_asterisk, v_misc_30,
          ontoclasm_vaults_loading_screen, ontoclasm_vaults_misaligned,
          grunt_vaults_diagonal, serial_shops, shop
Crypt:1:  grunt_crypt_arrival_split, uniq_mara
Crypt:2:  mu_enter_wizlab_6
Crypt:3:  evilmike_haunted_forest
Depths:1: kennysheep_ambush_hall, serial_shops, kennysheep_little_box,
          hangedman_glass_teeth, grunt_metal_band, hangedman_abyss_entry_splay,
          minmay_st_funbox, grunt_ministairs_11, minivault_16,
          minmay_hidden_floor
Depths:2: grunt_twisty_corner, grunt_hell_entry_dis_mu, minmay_shop_star,
          infiniplex_staircase_zigzag_2, uniq_saint_roka
Depths:3: evilmike_marble_ring, hangedman_geh_valley, rand_demon_pan_entry_1,
          abyss_entry, hangedman_decor_slide_cut, uniq_nikola, uniq_enchantress
Depths:4: minmay_stepped, enter_ziggurat_c, abyss_entry, hell_entry,
          serial_bayou_pond_b, spider_trap
Depths:5: evilmike_zot_entry_castle, hellmouth_1, spider_trap, minmay_shop_grove
Zot:1:    zot_minivault_1
Zot:3:    grunt_twist_and_shout, basic_stair_grate_trap
Zot:4:    nicolae_transmutations_shop
Zot:5:    grunt_ministairs_10, hangedman_zot_decor_slant, stair_cage_cross
Abyss:3:  due_evilmike_abyss_rune_seething_liches
Lab:      nicolae_lab_dead_adventurers, nicolae_lab_diamond, nicolae_lab_arrow,
          nicolae_lab_garden, nicolae_lab_checkerboard, nicolae_lab_stuck,
          nicolae_lab_very_dead_end, nicolae_lab_starburst, nicolae_lab_statue,
          nicolae_lab_t_cross
Bazaar:   bazaar_minmay_generic_island
Trove:    trove_simple
Sewer:    sewer_co_scattered_pipes
Volcano:  volcano_village
WizLab:   wizlab_zonguldrok

Skill      XL: |  1  2  3  4  5  6  7  8  9 10 11 12 13 14 15 16 17 18 19 20 21 22 23 24 25 26 27 |
---------------+----------------------------------------------------------------------------------+-----
Stealth        | 2 4 5 7 |  7.0
Dodging        | 2 4 5 8 10 11 12 13 15 | 15.8
Conjurations   | 2 3 4 5 7 9 10 11 13 15 16 18 19 20 | 20.0
Spellcasting   | 3 4 5 6 7 10 13 15 16 17 18 19 20 24 | 24.0
Fire Magic     | 4 5 6 9 10 11 12 13 14 15 16 19 20 22 | 22.5
Fighting       | 1 4 6 9 10 11 12 13 15 16 | 16.2
Charms         | 1 4 5 |  5.0
Necromancy     | 1 4 5 7 |  7.0
Evocations     | 4 5 8 10 11 13 15 16 | 16.2
Air Magic      | 4 5 6 7 8 11 18 21 | 21.0
Summonings     | 5 |  5.8
Shields        | 4 |  4.0
Ice Magic      | 2 7 |  7.3
Translocations | 3 6 7 |  7.0

Action                   |  1- 3 |  4- 6 |  7- 9 | 10-12 | 13-15 | 16-18 | 19-21 | 22-24 | 25-27 || total
-------------------------+-------+-------+-------+-------+-------+-------+-------+-------+-------++-------
Melee: Dagger            |    31 |       |       |       |       |       |       |       |       ||    31
       Unarmed           |     4 |       |       |       |       |       |       |       |       ||     4
       Tailslap          |     2 |       |    20 |     9 |    14 |       |       |       |       ||    45
       Hand axe          |       |       |   171 |   105 |    79 |       |       |       |       ||   355
Throw: Javelin           |       |       |       |       |       |     2 |     5 |       |       ||     7
 Cast: Flame Tongue      |    71 |    87 |   145 |   113 |    47 |       |       |       |       ||   463
       Conjure Flame     |     1 |     5 |    24 |    30 |    29 |    14 |    33 |     1 |       ||   137
       Inner Flame       |       |       |     1 |       |       |       |       |       |       ||     1
       Fireball          |       |       |    20 |   235 |   493 |   546 |   749 |    50 |       ||  2093
       Dazzling Spray    |       |       |       |    64 |    45 |    66 |   137 |     6 |       ||   318
       Regeneration      |       |       |       |    33 |    71 |   112 |    85 |    26 |    44 ||   371
       Sticky Flame      |       |       |       |       |    75 |    64 |    47 |     8 |       ||   194
       Conjure Ball Ligh |       |       |       |       |    12 |    96 |    28 |       |     1 ||   137
       Passwall          |       |       |       |       |     1 |     1 |       |       |       ||     2
       Bolt of Draining  |       |       |       |       |    30 |   108 |     9 |     1 |     5 ||   153
       Blink             |       |       |       |       |       |    14 |    18 |    21 |    13 ||    66
       Summon Lightning  |       |       |       |       |       |     8 |     2 |       |       ||    10
       Ignite Poison     |       |       |       |       |       |     2 |       |       |       ||     2
       Mephitic Cloud    |       |       |       |       |       |     2 |       |       |       ||     2
       Ozocubu's Armour  |       |       |       |       |       |     2 |     3 |     1 |     4 ||    10
       Shroud of Golubri |       |       |       |       |       |     2 |     3 |     1 |     4 ||    10
       Fire Storm        |       |       |       |       |       |       |    38 |   315 |   713 ||  1066
       Ignition          |       |       |       |       |       |       |       |    22 |       ||    22
       Deflect Missiles  |       |       |       |       |       |       |       |     2 |     1 ||     3
       Tornado           |       |       |       |       |       |       |       |       |    11 ||    11
       Glaciate          |       |       |       |       |       |       |       |       |     1 ||     1
 Abil: Breathe Steam     |       |       |     2 |     1 |     2 |     1 |       |     1 |       ||     7
       Evoke Flight      |       |       |       |       |     4 |       |       |       |     1 ||     5
       Stop Flying       |       |       |       |       |     3 |       |       |       |       ||     3
Evoke: Staff of energy   |       |       |       |    96 |   840 |  1235 |  1065 |   597 |  1235 ||  5068
  Use: Scroll            |       |       |     7 |    24 |    12 |     8 |    12 |    14 |     7 ||    84
       Potion            |       |       |       |     3 |       |     3 |     1 |    10 |     4 ||    21
 Stab: Invisible         |       |       |       |     4 |     1 |       |       |       |       ||     5
  Eat: Chunk             |     4 |     9 |    35 |    84 |    87 |    79 |    78 |    10 |    80 ||   466
       Ration            |       |       |       |     5 |     1 |     6 |     8 |    16 |     8 ||    44
Armor: Skin              |    23 |    11 |    86 |    79 |    99 |   132 |   104 |    45 |    83 ||   662
Dodge: Dodged            |    49 |    30 |   123 |   228 |   254 |   254 |   216 |    91 |   167 ||  1412
       Deflected         |       |       |       |       |       |       |       |    27 |    16 ||    43
Block: Buckler           |       |       |       |       |       |    70 |   104 |    31 |    65 ||   270

Table legend:
 A = Spawn XP
 B = Non-spawn XP
 C = Spawn XP percentage of total XP
 D = Spawn monster count
 E = Non-spawn monster count
 F = Spawn count percentage of total count
 G = Total turns spent on level
                    A         B        C        D         E        F      G
               +---------+---------+-------+---------+---------+-------+---------
         Total |   14719 | 1957607 |   0.7 |      38 |    3026 |   1.2 | 87684
               +---------+---------+-------+---------+---------+-------+---------
           D:1 |       0 |      97 |   0.0 |       0 |      30 |   0.0 |  1949
           D:2 |       0 |     116 |   0.0 |       0 |      24 |   0.0 |  1000
           D:3 |       0 |     179 |   0.0 |       0 |      15 |   0.0 |  1617
           D:4 |       0 |    1006 |   0.0 |       0 |      37 |   0.0 |  1709
           D:5 |       0 |     859 |   0.0 |       0 |      26 |   0.0 |   951
           D:6 |       0 |    1929 |   0.0 |       0 |      26 |   0.0 |  1760
           D:7 |       0 |    3144 |   0.0 |       0 |      39 |   0.0 |  2030
           D:8 |       0 |    1926 |   0.0 |       0 |      27 |   0.0 |  1569
           D:9 |       0 |    1544 |   0.0 |       0 |      25 |   0.0 |  1854
          D:10 |       0 |    3620 |   0.0 |       0 |      39 |   0.0 |  2094
          D:11 |       0 |    2821 |   0.0 |       0 |      25 |   0.0 |  1492
          D:12 |       0 |    6630 |   0.0 |       0 |      36 |   0.0 |  1201
          D:13 |       0 |   12526 |   0.0 |       0 |      53 |   0.0 |  2089
          D:14 |       0 |   36967 |   0.0 |       0 |      65 |   0.0 |  2123
          D:15 |       0 |   34145 |   0.0 |       0 |      74 |   0.0 |  1316
        Lair:1 |       0 |    4604 |   0.0 |       0 |      23 |   0.0 |  2204
        Lair:2 |       0 |    2641 |   0.0 |       0 |      13 |   0.0 |  1523
        Lair:3 |       0 |    7566 |   0.0 |       0 |      21 |   0.0 |  1843
        Lair:4 |       0 |    2986 |   0.0 |       0 |      12 |   0.0 |  1507
        Lair:5 |       0 |   13700 |   0.0 |       0 |      46 |   0.0 |  2073
        Lair:6 |       0 |   16369 |   0.0 |       0 |      40 |   0.0 |  1617
       Swamp:1 |       0 |   10184 |   0.0 |       0 |      36 |   0.0 |  1007
       Swamp:2 |       0 |   27914 |   0.0 |       0 |      86 |   0.0 |  1457
       Swamp:3 |       0 |   14907 |   0.0 |       0 |      44 |   0.0 |  1437
       Swamp:4 |       0 |   48142 |   0.0 |       0 |      75 |   0.0 |  1108
       Snake:1 |       0 |   13326 |   0.0 |       0 |      22 |   0.0 |   968
       Snake:2 |       0 |   10085 |   0.0 |       0 |      22 |   0.0 |  1123
       Snake:3 |       0 |   19511 |   0.0 |       0 |      43 |   0.0 |  1644
       Snake:4 |       0 |   65571 |   0.0 |       0 |     107 |   0.0 |  1304
       Slime:1 |       0 |   26647 |   0.0 |       0 |      22 |   0.0 |   540
       Slime:2 |       0 |   18154 |   0.0 |       0 |      36 |   0.0 |   649
       Slime:3 |       0 |   15610 |   0.0 |       0 |      18 |   0.0 |   485
       Slime:4 |       0 |   24611 |   0.0 |       0 |      46 |   0.0 |   408
         Orc:1 |       0 |    5026 |   0.0 |       0 |      40 |   0.0 |   605
         Orc:2 |       0 |   25471 |   0.0 |       0 |     150 |   0.0 |  3357
         Elf:1 |       0 |   54591 |   0.0 |       0 |      82 |   0.0 |  2459
         Elf:2 |       0 |   39899 |   0.0 |       0 |      60 |   0.0 |  1730
         Elf:3 |       0 |   65779 |   0.0 |       0 |      74 |   0.0 |  1294
      Vaults:1 |       0 |   46700 |   0.0 |       0 |      82 |   0.0 |  2684
      Vaults:2 |       0 |   57243 |   0.0 |       0 |      83 |   0.0 |  2148
      Vaults:3 |       0 |   40833 |   0.0 |       0 |      69 |   0.0 |  1840
      Vaults:4 |       0 |   54097 |   0.0 |       0 |      91 |   0.0 |  1565
      Vaults:5 |       0 |  158145 |   0.0 |       0 |     153 |   0.0 |  1327
       Crypt:1 |       0 |   19182 |   0.0 |       0 |      23 |   0.0 |  1360
       Crypt:2 |       0 |   27127 |   0.0 |       0 |      41 |   0.0 |   831
       Crypt:3 |       0 |   69469 |   0.0 |       0 |     108 |   0.0 |  2223
      Depths:1 |       0 |   74314 |   0.0 |       0 |      74 |   0.0 |  1574
      Depths:2 |       0 |  113181 |   0.0 |       0 |     133 |   0.0 |  1686
      Depths:3 |       0 |  101948 |   0.0 |       0 |      93 |   0.0 |  1433
      Depths:4 |       0 |   52256 |   0.0 |       0 |      45 |   0.0 |  1150
      Depths:5 |       0 |   82147 |   0.0 |       0 |      69 |   0.0 |  1950
         Zot:1 |       0 |   70156 |   0.0 |       0 |      47 |   0.0 |  1212
         Zot:2 |       0 |   50975 |   0.0 |       0 |      26 |   0.0 |  1245
         Zot:3 |       0 |   95276 |   0.0 |       0 |      67 |   0.0 |  1014
         Zot:4 |       0 |   57923 |   0.0 |       0 |      37 |   0.0 |  1073
         Zot:5 |       0 |  117893 |   0.0 |       0 |      43 |   0.0 |   722
       Abyss:2 |     230 |       0 | 100.0 |       1 |       0 | 100.0 |   104
       Abyss:3 |   14489 |    7488 |  65.9 |      37 |      12 |  75.5 |   474
           Lab |       0 |    1812 |   0.0 |       0 |       7 |   0.0 |   491
         Sewer |       0 |      57 |   0.0 |       0 |      23 |   0.0 |   993
       Volcano |       0 |    2162 |   0.0 |       0 |       6 |   0.0 |   753
        WizLab |       0 |   16420 |   0.0 |       0 |      35 |   0.0 |   491
               +---------+---------+-------+---------+---------+-------+---------

Vault maps used:
D:1:      nagdon_arrival_double_spiral, minmay_misc_feat_five
D:2:      minmay_tetromino_s2
D:3:      grunt_qazlal_clouds, lemuel_doored_altar, first_ration
D:4:      lemuel_round_altar, kennysheep_generic_room_6, uniq_robin,
          uniq_menkaure, uniq_sigmund
D:5:      fiery_altar_vehumet, lightli_sewer_entry_pipes
D:6:      lemuel_round_altar, minmay_temple_entry_trees, grunt_ministairs_7,
          small_statue_intersection
D:7:      gammafunk_cloud_chamber, lemuel_coloured_pillars_altar,
          old_standard_altar, tgw_sif, uniq_joseph
D:8:      grunt_dithmenos_smoke, gammafunk_temple_overflow_wave, slow_altar_2,
          lemuel_round_altar, grunt_ogre_cave
D:9:      lemuel_ice_spiral_2, david_orc_2, minmay_misc_feat_pillars
D:10:     serial_shops, shop_fountains, minivault_22, st_stairs_6, hex_large,
          uniq_erica
D:11:     minmay_lair_entry_grove, hangedman_decor_lopped
D:12:     serial_shops, shop, nicolae_good_shop, uniq_josephine, uniq_sonja
D:13:     lemuel_mausoleum_altar_yredelemnul
D:14:     minmay_tearing_corner, david_vaults_4, minmay_misc_feat_room
D:15:     hangedman_depths_entry_try_elsewhere_first, hex_tiny, uniq_rupert,
          uniq_agnes, uniq_roxanne
Temple:   pf_slimified_temple
Lair:1:   beast_lair_carwin_large_1, infiniplex_staircase_pool_2
Lair:2:   lab_entry_generic, small_statue_intersection, st_stairs_9,
          serial_bayou_shore_a, lemuel_fruit_tree
Lair:3:   guppyfry_snake_entry_island, enter_volcano_2, kennysheep_snail_temple,
          minmay_lair_oklob_chamber
Lair:4:   swamp_mist, cheibrodos_lair_lostbears
Lair:5:   minmay_lair_oklob_tunnel, slime_altar_1, serial_bayou_pond_a,
          st_stairs_11, infiniplex_staircase_pool, uniq_kirke
Lair:6:   evilmike_catoblepas_cave, columned_hall_lemuel
Swamp:1:  nicolae_swamp_round_clearing
Swamp:2:  cheibrodos_swamp_mausoleum, evilmike_swamp_ruin_house_2,
          cheibrodos_swamp_kobolds
Swamp:3:  nicolae_swamp_rocky_clearing, roderic_carrion_pond
Swamp:4:  swamp_basic_johnstein, uniq_bai_suzhen, uniq_jorgrun
Snake:1:  basic_altar
Snake:4:  johnstein_snake_rune_scales, basic_altar
Slime:2:  dissolution_awaits, uniq_dissolution
Orc:1:    uniq_snorg
Orc:2:    pubby_orc_utopia, serial_shops, uniq_nessos
Elf:1:    minmay_the_grid_square_5x5_5x5, serial_co_window_serial,
          co_window_corner_a, co_window_of_opportunity_a, co_window_corner_a,
          co_window_paths_b, co_window_corner_a, co_window_broadway_a,
          co_window_cross_4, co_window_2corner, co_window_paths_e,
          co_window_sun, glass_columns_a, glass_columns_a, glass_columns_a,
          nrook_loot_triangle
Elf:2:    serial_shops, shop, enter_trove_1, nicolae_elf_m_pinch, hex_medium,
          minivault_13
Elf:3:    minmay_elf_hall_spiked, serial_shops, nicolae_shop_stone,
          minmay_misc_feat_rows, minmay_shoptagon, basic_stair_grate_trap
Vaults:1: v_alt_pattern_4, v_misc_24, vaults_room_grunt_arrival_checkpoint,
          v_misc_2, nicolae_vaults_angled_halls, v_misc_14,
          ontoclasm_vaults_gallery, grunt_vaults_hallway_short,
          hangedman_vaults_capsules, vaults_mumra_hex, serial_shops, shop
Vaults:2: hangedman_vaults_locks, vaults_dpeg_encased_lava,
          minmay_crypt_entry_necro_gods, v_misc_16,
          nicolae_vaults_ninety_degrees, vaults_dpeg_ring,
          nicolae_vaults_quartermaster, v_misc_22, dpeg_vaults_monster_box,
          hangedman_vaults_hat, v_alt_pattern_1, vaults_room_fours,
          hangedman_vaults_nails, vaults_room_pool, serial_shops, bzr_entry_road
Vaults:3: grunt_vaults_hallway_long, vaults_room_pools,
          vaults_standard_mumra_lines, grunt_vaults_swirl, v_misc_18,
          hangedman_vaults_river_flow, vaults_dpeg_hooks,
          nicolae_vaults_an_arrangement, nicolae_vaults_shelves_hall,
          nicolae_vaults_little_squares_3, nicolae_vaults_shelves_hall,
          basic_altar, serial_shops, shop
Vaults:4: v_rooms_1, hangedman_vaults_nails, ontoclasm_vaults_ligature,
          v_misc_27, grunt_vaults_hallway_long, nicolae_vaults_bisected_slash,
          v_misc_1, v_misc_4, nicolae_vaults_asterisk, v_misc_30,
          ontoclasm_vaults_loading_screen, ontoclasm_vaults_misaligned,
          grunt_vaults_diagonal, serial_shops, shop
Crypt:1:  grunt_crypt_arrival_split, uniq_mara
Crypt:2:  mu_enter_wizlab_6
Crypt:3:  evilmike_haunted_forest
Depths:1: kennysheep_ambush_hall, serial_shops, kennysheep_little_box,
          hangedman_glass_teeth, grunt_metal_band, hangedman_abyss_entry_splay,
          minmay_st_funbox, grunt_ministairs_11, minivault_16,
          minmay_hidden_floor
Depths:2: grunt_twisty_corner, grunt_hell_entry_dis_mu, minmay_shop_star,
          infiniplex_staircase_zigzag_2, uniq_saint_roka
Depths:3: evilmike_marble_ring, hangedman_geh_valley, rand_demon_pan_entry_1,
          abyss_entry, hangedman_decor_slide_cut, uniq_nikola, uniq_enchantress
Depths:4: minmay_stepped, enter_ziggurat_c, abyss_entry, hell_entry,
          serial_bayou_pond_b, spider_trap
Depths:5: evilmike_zot_entry_castle, hellmouth_1, spider_trap, minmay_shop_grove
Zot:1:    zot_minivault_1
Zot:3:    grunt_twist_and_shout, basic_stair_grate_trap
Zot:4:    nicolae_transmutations_shop
Zot:5:    grunt_ministairs_10, hangedman_zot_decor_slant, stair_cage_cross
Abyss:3:  due_evilmike_abyss_rune_seething_liches
Lab:      nicolae_lab_dead_adventurers, nicolae_lab_diamond, nicolae_lab_arrow,
          nicolae_lab_garden, nicolae_lab_checkerboard, nicolae_lab_stuck,
          nicolae_lab_very_dead_end, nicolae_lab_starburst, nicolae_lab_statue,
          nicolae_lab_t_cross
Bazaar:   bazaar_minmay_generic_island
Trove:    trove_simple
Sewer:    sewer_co_scattered_pipes
Volcano:  volcano_village
WizLab:   wizlab_zonguldrok

Table legend:
 A = Turns spent in this place as a percentage of turns spent in the entire game.
 B = Non-inter-level travel turns spent in this place as a percentage of non-inter-level travel turns spent in the entire game.
 C = Inter-level travel turns spent in this place as a percentage of turns spent in this place.
 D = Turns resting spent in this place as a percentage of non-inter-level travel turns spent in this place.
 E = Turns spent auto-exploring this place as a percentage of non-inter-level travel turns spent in this place.
 F = Non-inter-level travel turns spent in this place divided by the number of levels of this place that you've seen.
                   A       B       C       D       E      F
               +-------+-------+-------+-------+-------+----------------------
         Total | 100.0 | 100.0 |  10.6 |  17.9 |  45.6 | 1205.4
       Dungeon |  28.2 |  28.0 |  11.3 |  34.2 |  38.5 | 1463.3
        Temple |   0.1 |   0.1 |  15.2 |   0.0 |  95.5 |  89.0
          Lair |  12.3 |  12.2 |  11.3 |  27.3 |  46.9 | 1591.5
         Swamp |   5.7 |   5.7 |  10.8 |   6.3 |  43.8 | 1116.8
     Snake Pit |   5.7 |   5.7 |  11.5 |  17.8 |  40.0 | 1114.2
    Slime Pits |   2.4 |   2.4 |   8.3 |   8.3 |  72.9 | 477.5
  Orcish Mines |   4.5 |   4.3 |  15.4 |   9.8 |  32.3 | 1676.5
   Elven Halls |   6.3 |   6.2 |  11.0 |   2.9 |  51.2 | 1626.3
        Vaults |  10.9 |  10.0 |  17.7 |   4.3 |  52.1 | 1574.6
         Crypt |   5.0 |   4.9 |  13.4 |   0.0 |  55.3 | 1274.0
        Depths |   8.9 |   9.5 |   4.3 |   8.7 |  54.1 | 1491.4
           Zot |   6.0 |   6.5 |   3.2 |   8.1 |  56.3 | 1019.8
         Abyss |   0.7 |   0.7 |   0.0 |   5.4 |  19.9 | 289.0
     Labyrinth |   0.6 |   0.6 |   0.0 |  61.7 |   0.0 | 491.0
        Bazaar |   0.1 |   0.1 |   0.0 |   0.0 |  52.0 |  98.0
         Trove |   0.0 |   0.1 |   0.0 |   0.0 |  11.9 |  42.0
         Sewer |   1.1 |   1.3 |   0.0 |  27.9 |  47.3 | 993.0
       Volcano |   0.9 |   1.0 |   0.0 |  28.7 |  19.4 | 753.0
        Wizlab |   0.6 |   0.6 |   0.0 |   0.0 |  24.6 | 491.0
               +-------+-------+-------+-------+-------+----------------------

Table legend:
 A = Kills in this place as a percentage of kills in entire the game.
 B = Kills by you in this place as a percentage of kills by you in the entire game.
 C = Kills by friends in this place as a percentage of kills by friends in the entire game.
 D = Other kills in this place as a percentage of other kills in the entire game.
 E = Experience gained in this place as a percentage of experience gained in the entire game.
 F = Experience gained in this place divided by the number of levels of this place that you have seen.
                   A       B       C       D       E      F
               +-------+-------+-------+-------+-------+----------------------
         Total | 100.0 | 100.0 | 100.0 | 100.0 | 100.0 | 30343.5
       Dungeon |  17.7 |  18.1 |   0.0 |  33.3 |   5.5 | 7167.3
          Lair |   5.1 |   5.2 |   0.0 |   0.0 |   2.4 | 7977.7
         Swamp |   7.9 |   8.0 |   1.1 |  16.7 |   5.1 | 25286.8
     Snake Pit |   6.3 |   6.3 |   8.0 |   0.0 |   5.5 | 27123.2
    Slime Pits |   4.0 |   3.8 |   9.1 |   0.0 |   4.3 | 21255.5
  Orcish Mines |   6.2 |   6.4 |   0.0 |   0.0 |   1.5 | 15248.5
   Elven Halls |   7.0 |   7.0 |   8.0 |   0.0 |   8.1 | 53423.0
        Vaults |  15.6 |  16.0 |   2.3 |   0.0 |  18.1 | 71403.6
         Crypt |   5.6 |   5.1 |  23.9 |   0.0 |   5.9 | 38592.7
        Depths |  13.5 |  13.1 |  27.3 |   0.0 |  21.5 | 84769.2
           Zot |   7.2 |   7.0 |  12.5 |   0.0 |  19.9 | 78444.6
         Abyss |   1.6 |   1.5 |   6.8 |   0.0 |   1.1 | 11103.5
     Labyrinth |   0.2 |   0.2 |   0.0 |   0.0 |   0.1 | 1812.0
         Sewer |   0.8 |   0.8 |   0.0 |   0.0 |   0.0 |  57.0
       Volcano |   0.2 |   0.1 |   0.0 |  50.0 |   0.1 | 2162.0
        Wizlab |   1.1 |   1.1 |   1.1 |   0.0 |   0.8 | 16420.0
               +-------+-------+-------+-------+-------+----------------------
